 Dungeon Crawl Stone Soup version 0.22.1-1-ga44c0e5 (webtiles) character file.

3052 theY the Cleaver (level 9, -3/56 HPs)
             Began as a Gargoyle Fighter on Nov 9, 2018.
             Was a Priest of Okawaru.
             Slain by a killer bee (4 damage)
             ... on level 8 of the Dungeon.
             The game lasted 00:13:37 (5727 turns).

theY the Cleaver (Gargoyle Fighter)                 Turns: 5727, Time: 00:13:38

Health: -3/56      AC: 21    Str: 22    XL:     9   Next: 87%
Magic:  9/9        EV:  5    Int: 10    God:    Okawaru [***...]
Gold:   21         SH: 11    Dex:  9    Spells: 8/8 levels left

rFire    . . .     SeeInvis .   a - +0 war axe
rCold    . . .     Gourm    .   c - +0 shield
rNeg     + . .     Faith    +   b - +0 plate armour
rPois    ∞         Spirit   .   (no helmet)
rElec    +         Reflect  .   k - +1 cloak {rPois}
rCorr    .         Harm     .   (no gloves)
MR       .....                  (no boots)
Stlth    ..........             w - amulet of faith
HPRegen  0.18/turn              (no ring)
MPRegen  0.11/turn              (no ring)

@: about to teleport
A: negative energy resistance 1, electricity resistance, unbreathing,
petrification resistance, rot immunity, AC +6
a: Heroism, Renounce Religion


You were on level 8 of the Dungeon.
You worshipped Okawaru.
Okawaru was most pleased with you.
You were near starving.

You visited 2 branches of the dungeon, and saw 9 of its levels.

You collected 21 gold pieces.

Inventory:

Hand Weapons
 a - a +0 war axe (weapon)
Armour
 b - a +0 plate armour (worn)
 c - a +0 shield (worn)
 k - a +1 cloak of poison resistance (worn)
Jewellery
 w - an amulet of faith (around neck)
Wands
 p - a wand of polymorph (25)
 x - a wand of flame (29)
Scrolls
 e - 5 scrolls of remove curse
 g - a scroll of enchant weapon {unknown}
 h - 4 scrolls of fear
 i - a scroll of blinking {unknown}
 l - 2 scrolls of enchant armour
 o - 2 scrolls of teleportation
 r - a scroll of immolation {unknown}
 t - a scroll of amnesia {unknown}
Potions
 d - a potion of might
 n - 2 potions of cancellation
 q - a potion of mutation {unknown}
 u - 2 potions of berserk rage
 v - a potion of agility {unknown}
 z - 2 potions of curing {unknown}
Comestibles
 f - 18 rations


   Skills:
 + Level 6.6 Fighting
 + Level 9.0 Axes
 + Level 5.6 Armour
 + Level 1.1 Dodging
 + Level 1.5 Stealth
 + Level 7.4 Shields


You had 8 spell levels left.
You didn't know any spells.
Your spell library contained the following spells:

 Spells                   Type           Power        Failure   Level  Hunger
 Infusion                 Chrm           #...         100%        1    ##.....
 Magic Dart               Conj           #...         100%        1    ##.....
 Blink                    Tloc           N/A          100%        2    ###....
 Call Imp                 Summ           #.......     100%        2    ###....
 Shroud of Golubria       Chrm/Tloc      #.........   100%        2    ###....
 Slow                     Hex            #.......     100%        2    ###....
 Song of Slaying          Chrm           #.......     100%        2    ###....
 Conjure Flame            Conj/Fire      #.......     100%        3    ####...
 Mephitic Cloud           Conj/Pois/Air  #.......     100%        3    ####...
 Regeneration             Chrm/Necr      #.........   100%        3    ####...
 Spectral Weapon          Hex/Chrm       #.......     100%        3    ####...


Dungeon Overview and Level Annotations

Branches:
Dungeon (8/15)             Temple (1/1) D:4
   Lair: D:8-11

Altars:
Ashenzari
Cheibriados
Dithmenos
Elyvilon
Fedhas
Gozag
Hepliaklqana
Makhleb
Nemelex Xobeh
Okawaru
Qazlal
Ru
Sif Muna
Trog
Uskayaw
Vehumet
Wu Jian
Xom
Yredelemnul
Zin
The Shining One

Shops:
D:5 =(!   D:6 (

Annotations:
D:8 Maurice, Pikel


Innate Abilities, Weirdness & Mutations

You are resistant to torment.
Your stone body is resilient. (AC +6)
You are immune to poison.
You resist negative energy. (rN+)
You are resistant to electric shocks. (rElec)
You can survive without breathing.
You are immune to petrification.
You are immune to rotting.


Message History

The killer bee stings you but does no damage. x4
Okay, then.
As you read the scroll of teleportation, it crumbles to dust.
You feel strangely unstable. You block the killer bee's attack.
The killer bee closely misses you.
The killer bee stings you but does no damage.
The killer bee stings you.
* * * LOW HITPOINT WARNING * * *
You block the killer bee's attack. The killer bee stings you.
* * * LOW HITPOINT WARNING * * *
The shadow imp puffs mist at you. You block the killer bee's attack.
The killer bee stings you but does no damage. x2
The killer bee barely misses you. You block the killer bee's attack.
The killer bee stings you but does no damage. x3
You block the killer bee's attack. The killer bee stings you.
* * * LOW HITPOINT WARNING * * *
The killer bee stings you.
You die...

#########+#########
............#....)#
............#.....#
.............#.....#
............#.....#
...........# .... .
#.##....##'###y###....
##.####'##....@yyppK...
#........#....yy5.n....
#........#.....Kpp.(...
+........#.............
#...)....#.............
####.......#.............
...#.......#.........####
...#'#######.........#
........# ##........#


You could see Pikel, a big kobold, 4 slaves, a necrophage, 5 killer bees and a
shadow imp.

Vanquished Creatures
  A hornet (D:8)
  Grinder (D:5)
  Eustachio (D:5)
  A black bear (D:7)
  An ice beast (D:5)
  A hornet zombie (D:6)
  3 sky beasts
  A phantom (D:4)
  An ogre (D:7)
  A centaur (D:7)
  A big kobold (D:7)
  3 bullfrogs (D:7)
  A scorpion (D:5)
  A water moccasin skeleton (D:8)
  A wyvern skeleton (D:7)
  A wight (D:4)
  A howler monkey (D:7)
  A crimson imp (D:5)
  4 hounds
  A jelly (D:8)
  2 orc priests
  2 bullfrog skeletons
  5 orc wizards
  Crazy Yiuf (D:3)
  A centaur skeleton (D:8)
  4 iguanas
  7 worker ants
  Natasha (thrice) (D:4 D:5)
  14 adders
  4 gnolls (D:3)
  A howler monkey skeleton (D:5)
  3 shadow imps
  An ooze (D:3)
  An adder skeleton (D:7)
  An adder zombie (D:8)
  2 worms
  3 dart slugs
  3 leopard geckos
  30 orcs
  5 giant cockroaches
  4 goblins
  7 hobgoblins
  10 jackals
  6 kobolds
  6 quokkas
  2 ball pythons (D:4)
  7 bats
  6 frilled lizards
  A quokka zombie (D:5)
  7 rats
176 creatures vanquished.

Vanquished Creatures (others)
  An ogre (D:7)
  A centaur (D:7)
  A hound (D:7)
  An adder zombie (D:7)
  A quokka skeleton (D:7)
5 creatures vanquished.

Grand Total: 181 creatures vanquished

Notes
Turn   | Place    | Note
-------+----------+-------------------------------------------
     0 | D:1      | theY the Gargoyle Fighter began the quest for the Orb.
     0 | D:1      | Reached XP level 1. HP: 14/14 MP: 1/1
   242 | D:1      | Reached XP level 2. HP: 16/19 MP: 2/2
   612 | D:2      | Found a faded altar of an unknown god.
   682 | D:2      | Reached skill level 2 in Axes
   682 | D:2      | Reached XP level 3. HP: 22/23 MP: 3/3
   821 | D:2      | Found a hazy altar of Hepliaklqana.
   987 | D:2      | Reached XP level 4. HP: 25/28 MP: 4/4
  1395 | D:3      | Reached skill level 3 in Axes
  1437 | D:3      | Found an ornate altar of the Wu Jian Council.
  1583 | D:3      | Reached XP level 5. HP: 29/32 MP: 5/5
  1871 | D:3      | Found a runed door.
  1877 | D:3      | Noticed Crazy Yiuf
  1885 | D:3      | Killed Crazy Yiuf
  2011 | D:4      | Reached skill level 4 in Axes
  2011 | D:4      | Reached XP level 6. HP: 36/38 MP: 6/6
  2022 | D:4      | Noticed a phantom
  2056 | D:4      | Killed a phantom
  2077 | D:4      | Found a bloodstained altar of Trog.
  2288 | D:4      | Reached skill level 5 in Shields
  2337 | D:4      | Reached XP level 7. HP: 42/43 MP: 7/7
  2445 | D:4      | Reached skill level 1 in Dodging
  2687 | D:4      | Found a staircase to the Ecumenical Temple.
  2687 | D:4      | Noticed Natasha
  2697 | D:4      | Killed Natasha
  2699 | D:4      | Reached skill level 5 in Axes
  2711 | Temple   | Entered the Ecumenical Temple
  2760 | Temple   | Became a worshipper of Warmaster Okawaru
  3019 | D:5      | Entered Level 5 of the Dungeon
  3159 | D:5      | Found Udadd's Jewellery Shoppe.
  3185 | D:5      | Found Irig's Weapon Shop.
  3210 | D:5      | Noticed Eustachio
  3227 | D:5      | Killed Eustachio
  3291 | D:5      | Reached skill level 6 in Axes
  3291 | D:5      | Reached XP level 8. HP: 46/48 MP: 8/8
  3470 | D:5      | Noticed Natasha
  3482 | D:5      | Killed Natasha
  3530 | D:5      | Reached * piety under Okawaru
  3539 | D:5      | Found Zexuner's Distillery.
  3562 | D:5      | Reached skill level 5 in Fighting
  3593 | D:5      | Noticed Natasha
  3604 | D:5      | Killed Natasha
  3654 | D:5      | Noticed Grinder
  3664 | D:5      | Paralysed by Grinder for 6 turns
  3684 | D:5      | Killed Grinder
  3728 | D:5      | Reached skill level 7 in Axes
  3733 | D:5      | Found a snail-covered altar of Cheibriados.
  3822 | D:6      | Found a white marble altar of Elyvilon.
  3845 | D:6      | Found Cimosuin's Antique Weapon Boutique.
  3997 | D:6      | Reached skill level 5 in Armour
  4189 | D:6      | Reached XP level 9. HP: 54/54 MP: 9/9
  4212 | D:6      | Found a glowing golden altar of the Shining One.
  4562 | D:6      | Reached ** piety under Okawaru
  4659 | D:7      | Reached skill level 8 in Axes
  4900 | D:7      | Reached skill level 1 in Stealth
  5022 | D:7      | Found a shimmering altar of Xom.
  5154 | D:7      | Found a blossoming altar of Fedhas.
  5390 | D:7      | Found a radiant altar of Vehumet.
  5451 | D:8      | Noticed Maurice
  5518 | D:8      | Noticed a hornet
  5527 | D:8      | Reached *** piety under Okawaru
  5538 | D:8      | Killed a hornet
  5610 | D:8      | Reached skill level 9 in Axes
  5713 | D:8      | Noticed Pikel
  5726 | D:8      | HP: 2/56 [killer bee (4)]
  5727 | D:8      | Slain by a killer bee

Skill      XL: |  1  2  3  4  5  6  7  8  9 |
---------------+----------------------------+-----
Axes           | 2 3 4 6 7 9 |  9.0
Shields        | 4 5 6 7 |  7.4
Armour         | 4 5 |  5.6
Fighting       | 4 5 6 |  6.6
Dodging        | 1 |  1.1
Stealth        | 1 |  1.5

Action                   |  1- 3 |  4- 6 |  7- 9 || total
-------------------------+-------+-------+-------++-------
Melee: War axe           |   118 |   239 |   565 ||   922
  Use: Scroll            |       |     4 |     6 ||    10
  Eat: Chunk             |     1 |     5 |    10 ||    16
Armor: Chain mail        |    26 |       |       ||    26
       Plate armour      |    62 |   163 |   407 ||   632
Dodge: Dodged            |    22 |    39 |    99 ||   160
Block: Shield            |    80 |   140 |   314 ||   534
